 Dungeon Crawl Stone Soup version 0.18-a0-1140-g8540535 (webtiles) character file.

1633 Silkki the Shield-Bearer (level 8, -7/52 HPs)
             Began as a Gargoyle Fighter on Jan 21, 2016.
             Killed from afar by a deep elf mage (39 damage)
             ... with a bolt of magma
             ... on level 6 of the Dungeon.
             The game lasted 00:16:27 (5649 turns).

Silkki the Shield-Bearer (Gargoyle Fighter)         Turns: 5649, Time: 00:16:57

Health: -7/52      AC: 16    Str: 23    XL:     8   Next: 98%
Magic:  8/8        EV:  5    Int: 11    God:
Gold:   219        SH: 10    Dex:  9    Spells: 0 memorised, 7 levels left

rFire  . . .     SeeInvis .     a - +0 war axe
rCold  . . .     Gourm    .     k - +0 plate armour
rNeg   + . .     Faith    .     c - +0 shield
rPois  ∞         Spirit   .     (no helmet)
rElec  +         Dismiss  .     (no cloak)
rCorr  .         Reflect  .     H - +1 pair of gloves {Str+3}
SustAt .         Harm     .     (no boots)
MR     .....                    (no amulet)
Stlth  ..........               (no ring)
                                (no ring)

@: corroded equipment, not resistant to hostile enchantments, extremely
unstealthy
A: negative energy resistance 1, electricity resistance, unbreathing,
petrification resistance, rot immunity, AC +5
a: no special abilities


You were on level 6 of the Dungeon.
You were hungry.

You visited 1 branch of the dungeon, and saw 6 of its levels.
You also visited: Ossuary.

You collected 336 gold pieces.
You spent 117 gold pieces at shops.

Inventory:

Hand Weapons
 a - a +0 war axe (weapon)
Missiles
 E - 12 poisoned needles
Armour
 c - a +0 shield (worn)
 k - a +0 plate armour (worn)
 H - a +1 pair of gloves of strength (worn)
 I - a cursed -1 buckler
Jewellery
 u - an uncursed ring of see invisible {unknown}
Wands
 D - a wand of random effects (30/48)
 G - a wand of confusion (13/48)
Scrolls
 b - 3 scrolls of enchant armour {unknown}
 e - 6 scrolls of noise {unknown}
 h - 9 scrolls of identify {unknown}
 l - 6 scrolls of remove curse {unknown}
 p - 3 scrolls of recharging {unknown}
 r - a scroll of teleportation {unknown}
 t - 2 scrolls of random uselessness {unknown}
 w - 3 scrolls of immolation {unknown}
 y - a scroll of magic mapping {unknown}
 z - 2 scrolls of torment {unknown}
 A - a scroll of blinking {unknown}
Potions
 d - a potion of lignification {unknown}
 m - 2 potions of poison {unknown}
 n - a potion of invisibility
 o - a potion of cure mutation {unknown}
 q - 2 potions of flight {unknown}
 v - 4 potions of curing
 x - a potion of magic {unknown}
 B - a potion of might
 C - a potion of agility {unknown}
 F - a potion of heal wounds
Comestibles
 f - 6 bread rations
 g - a royal jelly
 i - a meat ration
 j - a slice of pizza
 s - 2 beef jerkies


   Skills:
 + Level 6.5 Fighting
 + Level 5.2 Axes
 + Level 7.0 Armour
 + Level 7.1 Shields


You had 7 spell levels left.
You didn't know any spells.

Dungeon Overview and Level Annotations

Branches:
Dungeon (6/15)
 Temple: D:4-7

Altars:
Ashenzari
Cheibriados
Nemelex Xobeh
Qazlal
Ru
Sif Muna
Trog
The Shining One

Shops:
D:4 =   D:6 *


Innate Abilities, Weirdness & Mutations

You are resistant to torment.
Your stone body is resilient (AC +5).
You are immune to poison.
You resist negative energy.
You are resistant to electric shocks.
You can survive without breathing.
You are immune to petrification.
You are immune to rotting.


Message History

The deep elf mage gestures wildly while chanting.
The deep elf mage blinks!
Your shield and plate armour prevent you from hitting the shadow imp.
You slash the giant gecko!
You kill the giant gecko!
You block the shadow imp's attack. x2
You barely miss the shadow imp. The shadow imp barely misses you.
You hit the deep elf mage but do no damage.
You hit the shadow imp.
The shadow imp is severely wounded.
The shadow imp barely misses you.
The deep elf mage hits you but does no damage.
You slash the shadow imp!
You kill the shadow imp!
You hit the deep elf mage but do no damage.
The deep elf mage casts a spell.
The deep elf mage gestures at you while chanting.
The bolt of magma hits you!
Ouch! That really hurt!
You die...

### ##..? #.....
...... #......
...#...
###.E[#.[)
##.@...#Z.)
#..#e.(#.%.
#.##?.E#...
#.###......
#.#.#....$. .
##.#.##.....
..###.....###..$
............####
#.##.........#
#.


You could see 2 earth elementals, a deep elf mage and a giant gecko skeleton.

Vanquished Creatures
  The ghost of PeterLawrence the Cudgeler, an amateur GrFi (D:4)
  A phantom (D:6)
  An ogre (D:5)
  A centaur (D:6)
  2 elf skeletons (D:4)
  3 crimson imps (D:5)
  A giant frog zombie (D:6)
  2 jellies (D:6)
  4 orc priests
  2 giant frog skeletons
  A gnoll shaman (D:5)
  A human skeleton (D:4)
  2 iguanas
  5 orc wizards
  3 worker ants
  A killer bee zombie (D:5)
  13 mummies (Ossuary)
  7 gnolls
  6 adders
  A shadow imp (D:6)
  An adder zombie (D:5)
  An adder skeleton (D:5)
  2 worms
  4 giant geckos
  8 orcs
  4 giant cockroaches
  3 goblins
  2 hobgoblins
  7 jackals
  12 kobolds
  3 quokkas
  9 bats
  5 giant newts
  A gnoll skeleton (Ossuary)
  A goblin skeleton (Ossuary)
  2 kobold skeletons (Ossuary)
  7 orc skeletons
  8 rats
  11 rat skeletons (Ossuary)
149 creatures vanquished.

Vanquished Creatures (others)
  A bush (D:2)
1 creature vanquished.

Grand Total: 150 creatures vanquished

Notes
Turn   | Place    | Note
--------------------------------------------------------------
     0 | D:1      | Silkki the Gargoyle Fighter began the quest for the Orb.
     0 | D:1      | Reached XP level 1. HP: 14/14 MP: 1/1
   291 | D:1      | Reached XP level 2. HP: 19/19 MP: 2/2
   697 | D:2      | Found a shattered altar of Ashenzari.
  1000 | D:2      | Reached XP level 3. HP: 23/23 MP: 3/3
  1507 | D:3      | Found a deep blue altar of Sif Muna.
  1507 | D:3      | Found a sparkling altar of Nemelex Xobeh.
  1508 | D:3      | Found a snail-covered altar of Cheibriados.
  1513 | D:3      | Reached skill level 4 in Shields
  1513 | D:3      | Reached XP level 4. HP: 21/29 MP: 4/4
  1579 | D:3      | Reached XP level 5. HP: 12/33 MP: 5/5
  1600 | D:3      | Found a stormy altar of Qazlal.
  2019 | D:3      | Found a faded altar to an unknown god.
  2674 | D:4      | Reached XP level 6. HP: 37/39 MP: 6/6
  2748 | D:4      | Found Sosaupn's Jewellery Shop.
  2792 | D:4      | Found a bloodstained altar of Trog.
  2794 | D:4      | Found a glowing golden altar of the Shining One.
  2868 | D:4      | Found a sacrificial altar of Ru.
  2870 | D:4      | Noticed PeterLawrence's ghost (amateur GrFi)
  2893 | D:4      | Killed PeterLawrence's ghost
  2893 | D:4      | Reached skill level 5 in Armour
  2893 | D:4      | Reached skill level 5 in Shields
  2893 | D:4      | Reached XP level 7. HP: 26/44 MP: 7/7
  2943 | D:4      | Reached skill level 5 in Fighting
  2964 | D:4      | Found a sand-covered staircase.
  2970 | Ossuary  | Entered an ossuary
  3992 | D:4      | Reached skill level 6 in Shields
  4069 | D:4      | Reached XP level 8. HP: 50/50 MP: 8/8
  4486 | D:5      | Entered Level 5 of the Dungeon
  5442 | D:6      | Reached skill level 5 in Axes
  5510 | D:6      | Found a snail-covered altar of Cheibriados.
  5555 | D:6      | Found Voaneisk's Assorted Antiques.
  5560 | D:6      | Bought a pair of runed gloves for 117 gold pieces
  5586 | D:6      | Reached skill level 7 in Shields
  5640 | D:6      | Noticed a deep elf mage
  5649 | D:6      | Killed from afar by a deep elf mage

Vault maps used:
D:1:      ncdulo_smallfort
D:2:      nicolae_ashenzari_panopticon, lexackson_kobold_supper
D:3:      nicolae_overflow_quartered_altars, ecumenical_altar_2
D:4:      nicolae_overflow_hidden_temple, lemuel_round_altar, serial_shops,
          nicolae_shop_window_shopping, first_bread,
          nicolae_ossuary_entry_catacombs, grunt_decor_cap,
          roderic_serpentine_path
D:6:      serial_shops, kennysheep_little_box, hangedman_decor_push,
          hangedman_feature_mirror, grunt_potential, uniq_menkaure
Ossuary:  ossuary_due_small_catacomb

Action                   |  1- 3 |  4- 6 |  7- 9 || total
-------------------------+-------+-------+-------++-------
Melee: War axe           |   144 |   212 |   407 ||   763
  Use: Potion            |       |     3 |     4 ||     7
 Stab: Invisible         |       |       |     3 ||     3
  Eat: Chunk             |     2 |     5 |     5 ||    12
       Bread ration      |       |       |     1 ||     1
